 Dungeon Crawl Stone Soup version 0.30-b1-2-g02819fbbbe (webtiles) character file.

Game seed: 3874738429310307931

302567 sanka the Malleable (level 20, -1/163 (164) HPs)
             Began as a Merfolk Monk on May 13, 2023.
             Was the Champion of Ru.
             Slain by a fire giant
             ... wielding a +1 great sword of flaming
              (4 damage)
             ... on level 3 of the Vaults.
             The game lasted 02:01:18 (53884 turns).

sanka the Malleable (Merfolk Monk)                 Turns: 53884, Time: 02:01:19

HP:   -1/163 (164)  AC: 17    Str: 12    XL:     20   Next: 6%
MP:   29/34         EV: 37    Int: 15    God:    Ru [******]
Gold: 324           SH:  0    Dex: 19    Spells: 19/39 levels left

rFire   . . .        b - melded staff of air {!a}
rCold   . . .        (shield unavailable)
rNeg    . . .        w - melded +2 troll leather armour
rPois   ∞            J - melded +0 mask of the Dragon {Will+ Slay+3 SInv}
rElec   +            R - melded +2 cloak
rCorr   .            v - melded +2 pair of gloves
SInv    .            G - melded +1 pair of boots
Will    +....        d - amulet of the acrobat
Stlth   ++           (ring unavailable)
HPRegen 0.47/turn    V - +5 ring of evasion
MPRegen 0.24/turn

%: acrobat
@: exhausted, storm-form, marked, blinkbolt cooldown, flying, studying Stealth,
lightly drained
A: cleaving, insubstantial, flying, missing a hand, inability to use devices,
inexperienced 1, (nimble swimmer 2), (mertail)
}: 2/15 runes: serpentine, barnacled
a: Blinkbolt, End Transformation, Renounce Religion, Draw Out Power, Power Leap,
Apocalypse


You were on level 3 of the Vaults.
You worshipped Ru.
Ru was exalted by your worship.
You were a lightning-filled tempest!
You visited 6 branches of the dungeon, and saw 33 of its levels.
You also visited: Bailey, Ice Cave and Volcano.

You collected 3451 gold pieces.
You spent 3127 gold pieces at shops.

Inventory:

Hand Weapons
 P - a +2 dagger of distortion
Missiles
 g - 16 throwing nets {=f}
 y - a curare-tipped dart {=f}
Armour
 v - a +2 pair of gloves (melded)
 w - a +2 troll leather armour (melded)
 D - a +2 robe of fire resistance
 G - a +1 pair of boots (melded)
 J - the +0 mask of the Dragon (melded) {Will+ Slay+3 SInv}
   (You bought it in a shop on level 7 of the Dungeon)

   Slay:      It affects your accuracy & damage with ranged weapons and melee
   (+3).
   SInv:      It lets you see invisible.
   Will:      It increases your willpower.
 N - a +2 helmet of intelligence
 R - a +2 cloak (melded)
Magical Staves
 b - a staff of air (melded) {!a}
Jewellery
 d - an amulet of the acrobat (around neck)
 e - a ring of wizardry
 k - a +6 ring of strength
 m - a ring of see invisible
 x - a ring of resist corrosion
 E - a ring of fire
 F - a ring of poison resistance
 K - a ring of positive energy
 L - a ring of flight
 Q - a ring of protection from cold
 V - a +5 ring of evasion (right fist)
Scrolls
 a - 4 scrolls of fear
 c - 10 scrolls of identify {@r1}
 f - 14 scrolls of teleportation {@r4}
 j - 7 scrolls of blinking
 q - 7 scrolls of immolation {!r}
 r - 11 scrolls of vulnerability {!r}
 t - 5 scrolls of butterflies
 I - 3 scrolls of magic mapping
 T - 3 scrolls of amnesia
 U - 5 scrolls of poison {!r}
 W - a scroll of silence {!r}
 X - 2 scrolls of torment {!r}
 Y - 8 scrolls of fog
Potions
 h - 24 potions of curing {@q1}
 i - 7 potions of berserk rage {!q}
 l - 3 potions of ambrosia
 n - 8 potions of haste {@q3}
 o - 5 potions of invisibility
 p - 11 potions of flight
 s - 4 potions of resistance
 u - 7 potions of mutation {!q}
 z - 3 potions of heal wounds {@q2}
 A - 8 potions of magic
 B - 6 potions of lignification {!q}
 C - 8 potions of attraction {!q}
 M - 7 potions of brilliance
 O - 3 potions of might
 S - 4 potions of cancellation


   Skills:
 + Level 15.7 Fighting
 + Level 19.0 Dodging
 + Level 18.0 Unarmed Combat
 - Level 10.0 Spellcasting
 - Level 24.0 Transmutations
 - Level 5.0 Ice Magic
 - Level 13.0 Air Magic


You had 19 spell levels left.
You knew the following spells:

 Your Spells              Type           Power      Damage    Failure   Level
a - Storm Form            Tmut/Air       29%        N/A       4%          7
b - Ozocubu's Armour      Ice            22%        N/A       3%          3
c - Airstrike             Air            23%        2d(4-20)  1%          4
d - Statue Form           Tmut/Erth      28%        N/A       11%         6

Your spell library contained the following spells:

 Spells                   Type           Power      Damage    Failure   Level
 Freeze                   Ice            88%        1d9       1%          1
 Shock                    Conj/Air       100%       1d9       1%          1
 Passwall                 Tmut/Erth      35%        N/A       1%          2
 Ignite Poison            Fire/Tmut/Pois 31%        N/A       1%          3
 Swiftness                Air            46%        N/A       1%          3
 Ice Form                 Ice/Tmut       50%        N/A       1%          4
 Petrify                  Tmut/Erth      43%        N/A       1%          4
 Cigotuvi's Dreadful Rot  Necr/Pois/Air  40%        N/A       2%          2
 Frozen Ramparts          Ice            44%        1d7       3%          3
 Ensorcelled Hibernation  Hex/Ice        30%        N/A       5%          2
 Magic Dart               Conj           28%        1d4       10%         1
 Blink                    Tloc           14%        N/A       14%         2
 Searing Ray              Conj           14%        2d5       14%         2
 Freezing Cloud           Conj/Ice/Air   12%        6-21      22%         5
 Call Canine Familiar     Summ           7%         N/A       28%         3
 Dazzling Flash           Conj/Hex       14%        N/A       28%         3
 Portal Projectile        Hex/Tloc       14%        N/A       28%         3
 Volatile Blastmotes      Fire/Tloc      14%        2d11      28%         3
 Anguish                  Hex/Necr       3%         N/A       67%         4
 Fulminant Prism          Conj/Hex       3%         3d5       67%         4
 Iskenderun's Mystic Bla  Conj/Tloc      7%         2d4       67%         4
 Leda's Liquefaction      Hex/Erth       3%         N/A       67%         4
 Manifold Assault         Tloc           7%         N/A       67%         4
 Metabolic Englaciation   Hex/Ice        7%         N/A       67%         5
 Conjure Ball Lightning   Conj/Air       13%        3x3d6     71%         6
 Starburst                Conj/Fire      3%         6d3       100%        6
 Enfeeble                 Hex            3%         N/A       100%        7
 Ozocubu's Refrigeration  Ice            11%        4d9       100%        7
 Discord                  Hex            3%         N/A       100%        8
 Disjunction              Tloc           3%         N/A       100%        8
 Polar Vortex             Ice            11%        N/A       100%        9


Dungeon Overview and Level Annotations

Branches:
Dungeon (15/15)            Temple (0/1) D:6            Lair (5/5) D:10
 Shoals (4/4) Lair:2        Snake (4/4) Lair:2        Slime (0/5) Lair:4
    Orc (2/2) D:11            Elf (0/3) Orc:2        Vaults (3/5) D:14
  Crypt (0/3) Vaults:2     Depths (0/4) D:15         Bailey (visited)
  IceCv (visited)         Volcano (visited)

Altars:
Dithmenos
Elyvilon
Kikubaaqudgha
Nemelex Xobeh
Qazlal
Ru
Sif Muna
Trog
Uskayaw
Vehumet
Wu Jian
Xom
The Shining One
Jiyva

Shops:
D:7 [   D:11 [   Orc:2 (=:=*   Shoals:1 [   Snake:1 (   Snake:4 :
Vaults:1 **![*

Annotations:
D:4 1 runed translucent door, Raspi's ghost, amateur MiBe
Vaults:1 2 transporters


Innate Abilities, Weirdness & Mutations

You are a lightning-filled tempest!
Your electrical attacks strike out in all directions at once.
You are incredibly evasive.
Your insubstantial body is immune to petrification, constriction, and being set on fire You are flying.
You are immune to poison.
Your armour is entirely melded.
You are incapable of wielding weapons or throwing items.
You are missing a hand.
You cannot study or use magical devices.
You are somewhat inexperienced. (-1 XL)
((You are very nimble when in or above water. (Stealth+, EV+, Speed+++)))
((Your lower body shifts to a powerful aquatic tail in water.))


Message History

The titan is almost dead.
You redirect the stone giant's attack!
The stone giant throws a large rock.
The large rock hits the deep elf high priest!!
The titan begins to cast a spell, but is stunned by your conviction!
The fire giant begins to cast a spell, but is stunned by your conviction!
You batter the titan!!
You kill the titan!
The fire giant begins to cast a spell, but is stunned by your conviction!
The deep elf high priest begins to pray, but is stunned by your conviction!
The stone giant throws a large rock.
The large rock completely misses you.
The large rock hits the fire giant.
Your Unarmed Combat skill increases to level 18!
You feel much better.
The deep elf high priest mumbles some strange prayers to its god against you.
Something smites you!
* * * LOW HITPOINT WARNING * * *
A yaktaur captain comes into view. It is wielding a +0 dire flail.
The stone giant closely misses you.
Things that are here:
a +0 dire flail; a +0 chain mail; a human corpse The stone giant completely misses you.
The deep elf high priest mumbles some strange prayers to its god.
The deep elf high priest begins emitting a brilliant aura!
The fire giant is empowered by the deep elf high priest's aura!
You see here a glowing shapeshifter corpse.
You buffet the stone giant!
The stone giant is lightly wounded.
You batter the deep elf high priest!!
Lightning courses through the deep elf high priest!
You kill the deep elf high priest!
You buffet the stone giant!
The stone giant is lightly wounded.
The stone giant hits you!!
* * * LOW HITPOINT WARNING * * *
You feel much better. The stone giant hits you!!
* * * LOW HITPOINT WARNING * * *
You focus your inner power and illuminate the stone giant in retribution!
The fire giant hits you with a +1 great sword of flaming.
You die...

.... ## .... .# .....
.# ..... .# ..... .#
##############''####
.#
#..........C))......
.#
#....[[†)c)Cv.......
.#
#+####'#############
## #....#))....#
#....#.)...$C.
####'###############
#.........).........
#.....).).))).......
#''###################
#.....................


You could see a fire giant (empowered), a stone giant (corona) and a yaktaur
captain.

Vanquished Creatures
  A tentacled monstrosity (Vaults:3)
  Asterion (Snake:1)
  2 quicksilver dragons (Snake:4)
  2 titans
  Polyphemus (Shoals:4)
  A shadow dragon (Vaults:3)
  A tengu reaver (Vaults:2)
  Donald (Snake:3)
  4 nagarajas (Snake:4)
  A fire giant (Vaults:3)
  10 vault wardens
  Louise (Snake:3)
  Aizul (Snake:1)
  A deep elf sorcerer (Vaults:3)
  10 ironbound preservers
  An orc warlord (Vaults:2)
  A war gargoyle (Vaults:3)
  2 very ugly things (Vaults:3)
  A quicksilver ooze (shapeshifter) (Vaults:3)
  7 ironbound thunderhulks
  A vampire knight (Vaults:3)
  A deep elf annihilator (Vaults:3)
  6 dire elephants
  A deep elf death mage (Vaults:3)
  6 merfolk javelineers
  3 ettins
  Josephine (D:11)
  A deep elf high priest (Vaults:3)
  A fire dragon (D:14)
  10 merfolk impalers
  An entropy weaver (Vaults:2)
  8 vault guards
  3 yaktaur captains
  6 salamander tyrants
  Harold (D:10)
  3 hydras
  2 great orbs of eyes
  An ogre mage (Vaults:3)
  10 anacondas
  2 merfolk avatars
  2 alligator snapping turtles (Shoals:4)
  6 ironbound frosthearts
  2 catoblepae
  A centaur warrior (D:13)
  2 dancing weapons (D:14)
  3 satyrs (Shoals:4)
  6 merfolk aquamancers
  4 boulder beetles
  A deep troll earth mage (Vaults:3)
  5 two-headed ogres
  27 death yaks
  14 naga warriors
  3 tengu warriors
  A deep troll shaman (Lair:5)
  3 orc high priests (Orc:2)
  15 naga sharpshooters
  12 shock serpents
  Urug (D:10)
  4 skysharks
  8 sea snakes
  A sixfirhy (D:12)
  2 salamander mystics (Snake:2)
  9 skeletal warriors (Vaults:2)
  A glowing orange brain (Vaults:2)
  14 harpies
  3 naga ritualists
  10 ironbound convokers
  2 wizards
  6 lindwurms
  17 deep trolls
  4 mana vipers
  2 deep elf pyromancers
  6 orc knights
  A stone giant zombie (Vaults:1)
  4 necromancers
  4 orc sorcerers (Orc:2)
  7 ugly things
  A human zombie (Vaults:2)
  6 cyclopes
  A wolf spider (D:14)
  12 manticores
  13 salamanders
  11 fauns
  A frost giant zombie (Vaults:1)
  An ice statue (IceCv)
  2 tengu skeletons (Vaults:2)
  8 guardian serpents
  A sphinx skeleton (Vaults:2)
  A frost giant skeleton (Vaults:2)
  11 elephants
  5 merfolk sirens
  31 black mambas
  11 vault sentinels
  A stone giant skeleton (Vaults:2)
  23 naga magi
  12 water nymphs
  A molten gargoyle (Volcano)
  2 gargoyles
  8 cane toads
  A kobold demonologist (D:6)
  2 unseen horrors
  12 yaktaurs
  2 rime drakes (Lair:3)
  6 komodo dragons
  2 efreet
  2 tengu conjurers (D:14)
  5 human skeletons (Vaults:2)
  2 yaktaur skeletons (Vaults:2)
  2 ice devils (Lair:5)
  A hornet (D:13)
  14 merfolk
  7 trolls
  8 polar bears
  A blink frog (shapeshifter) (D:15)
  15 snapping turtles
  14 wind drakes
  An ettin zombie (Vaults:1)
  2 blink frogs (Lair:2)
  4 dream sheep (Lair:5)
  6 wraiths
  A culicivora (Vaults:2)
  A jumping spider (shapeshifter) (Vaults:3)
  24 slime creatures
  2 shadows
  6 air elementals (Shoals:4)
  A wyvern (shapeshifter) (D:13)
  50 yaks
  16 water elementals
  8 wyverns
  2 fire elementals (Volcano)
  7 basilisks
  A steam dragon (D:8)
  4 vampire mosquitoes (D:12)
  A redback (Vaults:2)
  Grum (D:10)
  An elf skeleton (Vaults:1)
  2 wargs
  2 acid dragons
  34 nagas
  A glowing shapeshifter skeleton (Vaults:2)
  21 water moccasins
  18 orc warriors
  7 black bears
  An ice beast (D:5)
  7 ogres
  A sky beast (D:6)
  48 wolves
  2 centaurs
  4 kobold brigands
  13 bullfrogs
  13 gnoll sergeants
  2 scorpions (D:6)
  5 wights (D:9)
  9 killer bees
  3 electric eels
  7 howler monkeys
  5 jellies
  11 orc priests
  7 hounds
  6 gnoll boudas (Bailey)
  6 iguanas
  2 sleepcaps
  20 orc wizards
  4 hell rats (Lair:2)
  4 yak simulacra (Lair:2)
  2 polar bear simulacra (Lair:2)
  4 wolf simulacra (Lair:2)
  8 adders
  38 gnolls
  A shadow imp (D:8)
  2 white imps (D:7)
  An ufetubus (D:7)
  A worm (D:3)
  3 dart slugs
  48 orcs
  10 ball pythons
  4 bats
  9 endoplasms
  4 giant cockroaches
  A goblin (shapeshifter) (D:14)
  7 goblins
  7 hobgoblins
  2 jackals (D:1)
  30 kobolds
  4 quokkas
  4 frilled lizards
  20 rats
  A river rat simulacrum (Lair:2)
  2 spectral weapons (Snake:1)
1207 creatures vanquished.

Vanquished Creatures (others)
  A stone giant (D:15)
  A dire elephant (Vaults:1)
  A rakshasa (D:15)
  A death yak (Lair:4)
  A naga warrior (Snake:2)
  A tengu warrior (D:15)
  A naga sharpshooter (Snake:2)
  A shock serpent (shapeshifter) (Vaults:3)
  A deep troll (Vaults:3)
  A lindwurm (Vaults:1)
  A naga ritualist (Snake:2)
  A salamander (Snake:4)
  An elephant (Lair:5)
  A black mamba (Snake:3)
  A cane toad (Lair:4)
  A yaktaur (Vaults:2)
  A water elemental (Shoals:4)
  A warg (D:11)
  2 nagas
  2 water moccasins
  An orc priest (Orc:2)
  A jelly (D:6)
  3 gnolls
  2 orcs
  A quokka (D:8)
  A kobold (D:5)
  A bush (Lair:5)
  48 fungi
  175 plants
  A withered plant (D:5)
256 creatures vanquished.

Grand Total: 1463 creatures vanquished

Notes
Turn   | Place    | Note
-------+----------+-------------------------------------------
     0 | D:1      | sanka the Merfolk Monk began the quest for the Orb.
     0 | D:1      | Reached XP level 1. HP: 18/18 MP: 1/1
    58 | D:1      | Reached XP level 2. HP: 24/24 MP: 2/2
   370 | D:1      | Reached XP level 3. HP: 30/30 MP: 3/3
   667 | D:2      | Reached skill level 5 in Dodging
  1146 | D:2      | Found a faded altar of an unknown god.
  1385 | D:3      | Reached XP level 4. HP: 33/37 MP: 4/4
  1813 | D:3      | Found a sacrificial altar of Ru.
  1836 | D:3      | Became a worshipper of Ru the Awakened
  1843 | D:3      | Gained mutation: You are missing a hand. [Ru sacrifice]
  1843 | D:3      | Reached * piety under Ru
  1843 | D:3      | Reached ** piety under Ru
  1919 | D:3      | Reached XP level 5. HP: 42/42 MP: 5/5
  2703 | D:5      | Entered Level 5 of the Dungeon
  2703 | D:5      | Noticed a kobold brigand
  2872 | D:4      | Reached XP level 6. HP: 44/49 MP: 6/6
  3029 | D:4      | Found an ornate altar of the Wu Jian Council.
  3108 | D:4      | Found a runed translucent door.
  3109 | D:4      | Noticed Raspi's ghost (amateur MiBe)
  3279 | D:4      | Reached skill level 5 in Fighting
  3656 | D:5      | Found an ancient bone altar of Kikubaaqudgha.
  3684 | D:4      | Reached XP level 7. HP: 24/56 MP: 7/7
  3996 | D:5      | Found Seleall Cane's Distillery.
  4004 | D:5      | Bought a potion of heal wounds for 60 gold pieces
  4004 | D:5      | Bought a potion of lignification for 36 gold pieces
  4004 | D:5      | Bought 2 potions of berserk rage for 120 gold pieces
  4004 | D:5      | Bought a potion of attraction for 36 gold pieces
  4027 | D:5      | Found a shadowy altar of Dithmenos.
  4236 | D:5      | Reached XP level 8. HP: 65/65 MP: 8/8
  4281 | D:5      | Reached skill level 10 in Dodging
  4480 | D:5      | Found a shimmering blue altar of Sif Muna.
  5490 | D:6      | Found a staircase to the Ecumenical Temple.
  5536 | D:6      | Reached XP level 9. HP: 74/74 MP: 9/9
  5544 | D:6      | Learned a level 7 spell: Storm Form
  5660 | D:6      | Noticed a kobold demonologist
  5670 | D:6      | Killed a kobold demonologist
  5671 | D:6      | Reached skill level 5 in Unarmed Combat
  5998 | D:7      | Found Inoom's Armour Boutique.
  6052 | D:7      | Gained mutation: You are somewhat inexperienced. (-1 XL)
                  | [Ru sacrifice]
  6052 | D:7      | Reached XP level 8. HP: 68/68 MP: 8/8
  6052 | D:7      | Reached *** piety under Ru
  6052 | D:7      | Reached **** piety under Ru
  6458 | D:5      | Bought a potion of degeneration for 12 gold pieces
  6458 | D:5      | Bought a potion of cancellation for 96 gold pieces
  7287 | D:8      | Reached XP level 9. HP: 31/74 MP: 9/9
  7452 | D:8      | Found a white marble altar of Elyvilon.
  7532 | D:8      | Reached skill level 10 in Unarmed Combat
  7624 | D:8      | Found a stormy altar of Qazlal.
  8579 | D:9      | Noticed a two-headed ogre
  8595 | D:9      | Killed a two-headed ogre
  8729 | D:9      | Found a glowing golden altar of the Shining One.
  9059 | D:9      | Found a radiant altar of Vehumet.
  9079 | D:10     | Entered Level 10 of the Dungeon
  9156 | D:10     | Noticed Grum
  9189 | D:10     | Killed Grum
  9258 | D:10     | Noticed a gargoyle
  9275 | D:10     | Killed a gargoyle
  9357 | D:10     | Found a flagged portal.
  9368 | Bailey   | Entered a bailey
 10142 | Bailey   | Identified the +7 great mace of Domination {heavy, rElec
                  | rF++ rCorr Dex+2}
 10455 | Bailey   | Identified the +3 buckler of the Eagle {rElec rPois Will+}
 11552 | D:10     | Noticed a two-headed ogre
 11560 | D:10     | Killed a two-headed ogre
 11561 | D:10     | Reached XP level 10. HP: 61/85 MP: 10/10
 11888 | D:10     | Reached skill level 10 in Fighting
 11895 | D:10     | Noticed Harold
 11914 | D:10     | Killed Harold
 12172 | D:10     | Found a staircase to the Lair.
 12398 | D:10     | Noticed Urug
 13134 | D:9      | Noticed a two-headed ogre
 13144 | D:9      | Killed a two-headed ogre
 13722 | D:10     | Noticed a two-headed ogre
 13731 | D:10     | Killed a two-headed ogre
 13996 | D:10     | Found a sparkling altar of Nemelex Xobeh.
 13998 | D:10     | Found a bloodstained altar of Trog.
 14409 | D:10     | Found a staircase to the Lair.
 14436 | D:10     | Found a sparkling altar of Nemelex Xobeh.
 14453 | D:10     | Killed Urug
 14454 | D:10     | Reached skill level 15 in Dodging
 14616 | D:10     | Found a bloodstained altar of Trog.
 15007 | D:11     | Noticed Josephine
 15028 | D:11     | Killed Josephine
 15029 | D:11     | Reached XP level 11. HP: 47/93 MP: 11/11
 15419 | D:11     | Found Xamesiv's Antique Armour Shoppe.
 16034 | D:11     | Found a staircase to the Orcish Mines.
 16212 | Lair:1   | Entered Level 1 of the Lair of Beasts
 16236 | Lair:1   | Gained mutation: You cannot study or use magical devices.
                  | [Ru sacrifice]
 16236 | Lair:1   | Reached ***** piety under Ru
 16236 | Lair:1   | Reached ****** piety under Ru
 16567 | Lair:1   | Identified the +1 whip "Raisin" {flame, rElec rC- Str+4
                  | Dex+3}
 16569 | Lair:1   | Found a dark tunnel.
 16606 | Volcano  | Entered a volcano
 17181 | Lair:1   | Reached skill level 15 in Unarmed Combat
 17215 | Lair:1   | Found the +8 whip "Snakebite" {venom, curare, rPois}
 17400 | Lair:1   | Reached skill level 1 in Transmutations
 17420 | Lair:1   | Reached skill level 1 in Air Magic
 17427 | Lair:1   | Reached skill level 2 in Transmutations
 17975 | D:7      | Bought the +0 mask of the Dragon {Will+ Slay+3 SInv} for
                  | 434 gold pieces
 17975 | D:7      | Found the +0 mask of the Dragon {Will+ Slay+3 SInv}
 18149 | Lair:2   | Reached skill level 1 in Spellcasting
 18172 | Lair:2   | Reached skill level 3 in Transmutations
 18293 | Lair:2   | Noticed a boulder beetle
 18307 | Lair:2   | Reached skill level 4 in Transmutations
 18416 | Lair:2   | Killed a boulder beetle
 18749 | Lair:2   | You fall into a shaft and drop 1 floor!
 18821 | Lair:3   | Reached skill level 5 in Transmutations
 18910 | Lair:3   | Noticed a death yak
 18910 | Lair:3   | Noticed a death yak
 18910 | Lair:3   | Noticed a death yak
 18910 | Lair:3   | Noticed a death yak
 18966 | Lair:2   | Killed a death yak
 18967 | Lair:2   | Reached XP level 12. HP: 74/102 MP: 4/15
 19310 | Lair:2   | Reached skill level 6 in Transmutations
 20086 | Lair:2   | Reached skill level 7 in Transmutations
 20288 | Lair:2   | Found a staircase to the Snake Pit.
 20422 | Lair:2   | Learned a level 3 spell: Ozocubu's Armour
 20472 | Lair:3   | Reached skill level 8 in Transmutations
 20676 | Lair:3   | Reached skill level 9 in Transmutations
 20690 | Lair:3   | Reached skill level 10 in Transmutations
 21351 | Lair:3   | Reached skill level 11 in Transmutations
 21512 | D:7      | Bought a +2 cloak for 214 gold pieces
 22681 | Lair:4   | Found a staircase to the Slime Pits.
 22681 | Lair:4   | Found a viscous altar of Jiyva.
 23293 | Lair:5   | Entered Level 5 of the Lair of Beasts
 23400 | Lair:5   | Reached skill level 12 in Transmutations
 23653 | Lair:5   | Reached skill level 5 in Air Magic
 23749 | Lair:5   | Reached XP level 13. HP: 51/108 MP: 11/19
 23801 | Lair:5   | Found a frozen archway.
 23851 | IceCv    | Entered an ice cave
 23871 | IceCv    | Reached skill level 13 in Transmutations
 24332 | IceCv    | Identified the staff of cold "Ucvoem" {rC+ Str+3}
 24706 | IceCv    | Reached skill level 14 in Transmutations
 24875 | IceCv    | Got the Compilation of Hoarfrost
 24878 | IceCv    | Identified the +10 flail "Kozxay" {heavy, Str+3}
 26129 | Lair:5   | Reached skill level 5 in Spellcasting
 26469 | Lair:5   | Reached skill level 15 in Transmutations
 27055 | Lair:5   | Reached skill level 16 in Transmutations
 27055 | Lair:5   | Reached XP level 14. HP: 70/115 MP: 21/21
 27366 | Lair:5   | Identified the +0 scale mail "Kauheus" {rN+}
 27830 | Orc:1    | Entered Level 1 of the Orcish Mines
 28346 | Orc:1    | Learned a level 4 spell: Airstrike
 28372 | Orc:2    | Entered Level 2 of the Orcish Mines
 28372 | Orc:2    | Found a staircase to the Elven Halls.
 28568 | Orc:2    | Found Aluinak's Assorted Antiques.
 29667 | Orc:2    | Reached skill level 17 in Transmutations
 29782 | Orc:2    | Found Metanis's Jewellery Shop.
 29782 | Orc:2    | Found Ynuong's Weapon Shop.
 29837 | Orc:2    | Found Zepnic's Jewellery Emporium.
 29837 | Orc:2    | Found Wutsis's Book Emporium.
 30146 | D:5      | Bought a potion of magic for 96 gold pieces
 30146 | D:5      | Bought a potion of brilliance for 48 gold pieces
 30146 | D:5      | Bought a potion of cancellation for 96 gold pieces
 30146 | D:5      | Bought a potion of invisibility for 96 gold pieces
 30312 | Orc:2    | Bought a potion of berserk rage for 155 gold pieces
 30413 | D:12     | Found a runed translucent door.
 31490 | Orc:2    | Bought a +5 ring of evasion for 576 gold pieces
 31819 | D:13     | Found a hide-covered altar of Uskayaw.
 32759 | D:14     | Found a shimmering altar of Xom.
 32763 | D:14     | Found a shimmering altar of Xom.
 32763 | D:14     | Found a shimmering altar of Xom.
 32813 | D:14     | Found a gate to the Vaults.
 33988 | D:15     | Entered Level 15 of the Dungeon
 34656 | D:15     | Reached skill level 18 in Transmutations
 34792 | D:15     | Identified the +5 shortbow of Circularity {freeze, *Slow
                  | rElec rPois rN+}
 34942 | D:15     | Found a staircase to the Depths.
 35699 | Shoals:1 | Entered Level 1 of the Shoals
 35740 | Shoals:1 | Reached skill level 10 in Air Magic
 35877 | Shoals:1 | Found Rimafuw's Antique Armour Emporium.
 36039 | Shoals:1 | Reached XP level 15. HP: 98/120 MP: 16/24
 36506 | Shoals:1 | Reached skill level 19 in Transmutations
 36513 | Shoals:1 | Identified the +1 spear of Afivvie {heavy, Dex+3 SInv}
 36777 | Shoals:1 | Reached XP level 16. HP: 127/127 MP: 25/25
 37518 | Shoals:2 | Reached skill level 20 in Transmutations
 37976 | Shoals:2 | Learned a level 6 spell: Statue Form
 38877 | Shoals:2 | Identified the +3 flail "Lifebane" {vamp, rC++}
 39877 | Shoals:1 | Bought a tattered robe for 193 gold pieces
 39877 | Shoals:1 | Identified the +1 robe of Cisk {Str+3} (You bought it in a
                  | shop on level 1 of the Shoals)
 39930 | Shoals:4 | Entered Level 4 of the Shoals
 40182 | Shoals:4 | Reached skill level 21 in Transmutations
 40682 | Shoals:4 | Noticed Polyphemus
 40690 | Shoals:4 | Killed Polyphemus
 40772 | Shoals:4 | Noticed a titan
 40786 | Shoals:4 | Killed a titan
 40787 | Shoals:4 | Reached skill level 22 in Transmutations
 40991 | Shoals:4 | Got a barnacled rune of Zot
 40994 | Shoals:4 | Identified the +0 chain mail of the Page of Wands {rN+}
 41594 | Shoals:4 | Paralysed by an air elemental for 1 turns
 41816 | Shoals:4 | Reached XP level 17. HP: 133/133 MP: 28/28
 42094 | Shoals:4 | Paralysed by an air elemental for 1 turns
 42995 | Snake:1  | Entered Level 1 of the Snake Pit
 43104 | Snake:1  | Noticed Aizul
 43114 | Snake:1  | Killed Aizul
 43534 | Snake:1  | Noticed Asterion
 43550 | Snake:1  | Killed Asterion
 43657 | Snake:1  | Found Naliam's Weapon Shoppe.
 43779 | Snake:1  | Reached skill level 23 in Transmutations
 43844 | Shoals:1 | Bought an embroidered robe for 125 gold pieces
 43844 | Shoals:1 | Bought a runed scarf for 272 gold pieces
 44364 | Snake:2  | Identified the +7 short sword "Ihuekhurr" {pain, rC+
                  | Stlth+}
 45936 | Snake:3  | Noticed Louise
 45953 | Snake:3  | Killed Louise
 46034 | Snake:3  | Identified the +0 kite shield of Huemneh {+Blink rC+}
 46034 | Snake:3  | Noticed Donald
 46049 | Snake:3  | Killed Donald
 46824 | Snake:3  | Reached skill level 10 in Spellcasting
 46884 | Snake:3  | Reached XP level 18. HP: 39/140 MP: 26/32
 47407 | Snake:3  | Reached skill level 24 in Transmutations
 47500 | Snake:4  | Entered Level 4 of the Snake Pit
 48351 | Snake:4  | Got a serpentine rune of Zot
 48500 | Snake:4  | Found Xadad's Book Boutique.
 48743 | Vaults:1 | Entered Level 1 of the Vaults
 48763 | Vaults:1 | Found a transporter.
 48763 | Vaults:1 | Found Hauhutz's General Store.
 48823 | Vaults:1 | Found Heraipna's General Store.
 48845 | Vaults:1 | Reached skill level 1 in Ice Magic
 49190 | Vaults:1 | Found Ugoros's Distillery.
 49198 | Vaults:1 | Bought a potion of heal wounds for 110 gold pieces
 49198 | Vaults:1 | Bought a potion of might for 88 gold pieces
 49198 | Vaults:1 | Bought a potion of might for 88 gold pieces
 49198 | Vaults:1 | Bought a potion of magic for 176 gold pieces
 49206 | Vaults:1 | Found Torumel's Assorted Antiques.
 49211 | Vaults:1 | Found Wakiphic's Armour Boutique.
 49629 | Vaults:1 | Found a transporter.
 50205 | Vaults:2 | Reached XP level 19. HP: 141/151 MP: 23/33
 50468 | Vaults:2 | Reached skill level 5 in Ice Magic
 51900 | Vaults:2 | Found a staircase to the Crypt.
 51904 | Vaults:2 | Identified the +2 pair of gloves of the Villain {rC- Regen+
                  | rCorr Dex+3}
 53345 | Vaults:3 | Reached skill level 15 in Fighting
 53840 | Vaults:3 | Identified the +9 morningstar "Razim" {flame, +Blink rN+++
                  | Dex-5}
 53861 | Vaults:3 | Reached XP level 20. HP: 103/154 MP: 25/34
 53884 | Vaults:3 | HP: 3/163 [stone giant (29)]
 53884 | Vaults:3 | Slain by a fire giant

Illustrated notes

Levels and vault maps discovered:
D:1:      dpeg_arrival_tiny_g, layout_rooms
D:2:      layout_loops_ring, chequers_ecumenical_altar_island, minmay_rat_hole
D:3:      layout_basic, mainiacjoe_overflow_catwalk
D:4:      layout_loops_cross, nzn_wu_jian_council_hall,
          ebering_ghost_reflecting_pool, grunt_ministairs_8
D:5:      layout_rooms, grunt_dithmenos_smoke, kiku_gazebo_garden_becter,
          lemuel_round_altar, serial_shops, shop, chequers_serial_rivers_micro_a
D:6:      layout_loops_corners, minmay_temple_entry_crystal_x,
          minmay_manual_mess
D:7:      layout_loops_cross, serial_glass, glass_columns_b, glass_columns_a,
          glass_columns_c, glass_columns_b, glass_columns_b, glass_columns_b,
          item_on_display_a, feat_on_display, item_on_display_a,
          feat_on_display, serial_shops, nicolae_take_the_stairs
D:8:      layout_loops_ring, grunt_qazlal_sundering, elyvilon_altar_4,
          kennysheep_small_square
D:9:      layout_loops_ring, nicolae_tso_carved_into_rock, vehumet_altar_wand_db
D:10:     layout_irregular_city, nicolae_overflow_squiral,
          minmay_lair_entry_grove, enter_bailey_6, uniq_urug, uniq_grum,
          uniq_harold
D:11:     layout_roguey, orc_0_dummy, nicolae_stop_n_shop_1, uniq_josephine
D:12:     cheibrodos_shockbox, layout_basic
D:13:     layout_long_grid, grunt_ministairs_7, nicolae_uskayaw_en_pointe
D:14:     minmay_mutant_horseshoe, layout_long_grid, erik_vaults_1,
          xom_redecorated
D:15:     grunt_enter_depths_snipers, layout_stronghold, chequers_big_river
Lair:1:   minmay_guarded_unrand_snakebite, layout_chaotic_city, enter_volcano_2,
          lemuel_fruit_fields, serial_bayou_shore_a, serial_bayou_shore_b
Lair:2:   nzn_winding_woodlands_three_and_one
          [nzn_winding_woodlands_5x15_default,
          nzn_winding_woodlands_5x15_concentric,
          nzn_winding_woodlands_5x15_cabin,
          nzn_winding_woodlands_center_garden], layout_small_grid,
          nicolae_shoals_entry_flooding, eino_house_with_fridge
Lair:3:   layout_big_grid
Lair:4:   layout_small_grid, nicolae_slime_entry_slimehenge
Lair:5:   grunt_lair_end_beastmaster, layout_regular_city,
          portal_ice_cave_demonic_guard
Shoals:1: layout_shoals, serial_shops, nicolae_shop_tiny_waterfront
Shoals:2: layout_shoals, nicolae_shoals_nymph_descending_staircase
Shoals:3: layout_shoals, nicolae_shoals_seven_spires
Shoals:4: shoals_end_hellmonk_storm_palace [storm_palace_center_ruins,
          storm_palace_corner_grid, storm_palace_corner_blocked,
          storm_palace_corner_reverse_hut, storm_palace_corner_grid],
          uniq_polyphemus
Snake:1:  layout_misc_corridors, serial_shops, nicolae_shop_real_fake_doors,
          grunt_megastairs_1, uniq_aizul, uniq_asterion
Snake:2:  layout_layer_cave, nicolae_integral_box
Snake:3:  layout_chambers, grunt_megastairs_3, lemuel_fruit_tree,
          nicolae_triple_integral, uniq_donald, uniq_louise
Snake:4:  hellmonk_snake_rune_quicksilver_temple, layout_onion_interference,
          serial_shops, nicolae_shop_mannequins, serial_bayou_lagoon_a
Orc:1:    layout_caves, basic_altar
Orc:2:    st_orc_elflike, layout_caves, serial_shops, nicolae_shop_tiny_glass
Vaults:1: nicolae_vaults_security_offices_2, nicolae_vaults_three_branches,
          vaults_room_semicircle, v_misc_28, nicolae_vaults_diamond_2,
          nicolae_vaults_mini_display_case, v_rooms_3, hangedman_vaults_impose,
          nicolae_vaults_apartment_1, v_misc_9,
          nicolae_vaults_ellipses_ellipsis, layout_vaults_big_room,
          serial_shops, nicolae_shop_tiny_statue_garden, nicolae_shop_drivethru,
          shop, shop, nicolae_diamond_shop
Vaults:2: hangedman_vaults_corner, nicolae_vaults_whirlpool_walls,
          nicolae_vaults_ring_of_whatevers, nicolae_vaults_trapezoid_1,
          ontoclasm_vaults_claustrophobia, nicolae_vaults_trapezoid_lopsided_2,
          ontoclasm_vaults_fault, minmay_crypt_entry_skeletal_spiral,
          layout_vaults_quadrants
Vaults:3: vaults_standard_mumra_enter_the_diamond, st_greater_box_4,
          ontoclasm_vaults_hangar, nicolae_vaults_asterisk, v_misc_1,
          ontoclasm_vaults_gateway, vaults_room_ringed_pool,
          nicolae_vaults_hexular_roomagon, vaults_dpeg_emergency_exit,
          nicolae_vaults_trapezoid_layered, nicolae_vaults_tetromino_Z_1,
          layout_vaults_omnibox

Skill      XL: |  1  2  3  4  5  6  7  8  9 10 11 12 13 14 15 16 17 18 19 20 |
---------------+-------------------------------------------------------------+-----
Fighting       | 4 5 6 8 9 11 12 13 15 | 15.7
Dodging        | 5 6 7 8 9 12 13 15 16 18 19 | 19.0
Unarmed Combat | 9 11 12 15 16 17 18 | 18.0
Transmutations | 5 12 16 18 19 22 23 24 | 24.0
Air Magic      | 3 5 7 10 11 12 13 | 13.0
Spellcasting   | 2 4 5 6 7 10 | 10.0
Ice Magic      | 4 5 |  5.0

Action                     |  1- 3 |  4- 6 |  7- 9 | 10-12 | 13-15 | 16-18 | 19-21 || total
---------------------------+-------+-------+-------+-------+-------+-------+-------++-------
  Melee: Short sword       |    98 |   203 |   374 |       |       |       |       ||   675
         Unarmed           |     3 |       |   338 |  1052 |  1276 |  1104 |   367 ||  4140
         Tailslap          |     1 |       |    60 |     1 |    54 |    22 |       ||   138
         Dagger            |       |    13 |    15 |       |       |       |       ||    28
  Throw: Dart              |       |       |     2 |     5 |     1 |       |       ||     8
   Cast: Storm Form        |       |       |       |       |       |    93 |    17 ||   110
         Statue Form       |       |       |       |       |       |     1 |       ||     1
         Ozocubu's Armour  |       |       |       |       |       |     2 |     1 ||     3
 Invoke: Sacrifice a Hand  |       |     1 |       |       |       |       |       ||     1
         Sacrifice Experie |       |       |     1 |       |       |       |       ||     1
         Reject Sacrifices |       |       |     1 |       |       |       |       ||     1
         Sacrifice Artific |       |       |       |     1 |       |       |       ||     1
         Apocalypse        |       |       |       |     2 |     7 |     5 |     1 ||    15
         Draw Out Power    |       |       |       |       |     1 |     1 |     1 ||     3
Ability: Blinkbolt         |       |       |       |       |       |     8 |     7 ||    15
  Evoke: Wand              |       |       |     8 |    14 |       |       |       ||    22
    Use: Scroll            |       |       |    11 |    10 |    10 |       |     1 ||    32
         Potion            |       |       |       |     4 |     4 |     5 |     2 ||    15
   Stab: Sleeping          |       |     4 |     3 |       |       |     1 |       ||     8
         Distracted        |       |     1 |     5 |     6 |     8 |     7 |     1 ||    28
         Invisible         |       |       |     1 |     5 |     5 |     7 |     1 ||    19
         Paralysed         |       |       |       |     8 |    20 |    13 |     3 ||    44
 Armour: Robe              |    12 |    26 |    58 |    37 |       |       |       ||   133
         Leather armour    |       |       |       |    57 |   127 |       |       ||   184
         Troll leather arm |       |       |       |    14 |    25 |    13 |       ||    52
         Skin              |       |       |       |    16 |       |   122 |    33 ||   171
  Dodge: Dodged            |    56 |   145 |   647 |   711 |   971 |   994 |   289 ||  3813
  Block: Orb               |     2 |     6 |       |       |       |       |       ||     8
         Other             |       |    42 |   161 |    50 |       |       |       ||   253
         Reflection        |       |     1 |     1 |     2 |       |       |       ||     4
